 Dungeon Crawl Stone Soup version 0.31-a0-460-g9e667d4245 (webtiles) character file.

Game seed: 14309477266179515265

413 RepHenryClay the Sneak (level 6, -3/47 HPs)
             Began as a Vampire Delver on Aug 5, 2023.
             Slain by Pikel
             ... wielding a +1 whip of freezing
              (6 damage)
             ... on level 4 of the Dungeon.
             The game lasted 00:06:36 (3324 turns).

RepHenryClay the Sneak (Vampire Delver)             Turns: 3324, Time: 00:06:36

Health: -3/47      AC:  5    Str: 10    XL:     6   Next: 59%
Magic:  6/6        EV: 12    Int: 16    God:
Gold:   223        SH:  0    Dex: 17    Spells: 5/5 levels left

rFire   . . .        a - +0 falchion (chaos)
rCold   + . .        (no shield)
rNeg    . . .        b - +0 leather armour
rPois   .            e - +0 helmet
rElec   .            (no cloak)
rCorr   .            (no gloves)
SInv    +            n - +0 pair of boots
Will    .....        (no amulet)
Stlth   +++          (no ring)
HPRegen 0.47/turn    (no ring)
MPRegen 0.10/turn

%: no passive effects
@: silenced, healing quickly
A: alive, fangs 3, see invisible, vampiric 2, talons 1, clever 1, cold
resistance 1, subdued magic 1
a: Exsanguinate


You were on level 4 of the Dungeon.
You visited 1 branch of the dungeon, and saw 5 of its levels.

You collected 223 gold pieces.

Inventory:

Hand Weapons
 a - a +0 falchion of chaos (weapon)
Armour
 b - a +0 leather armour (worn)
 e - a +0 helmet (worn)
 n - a +0 pair of boots (worn)
Jewellery
 q - an amulet of faith
 r - an amulet of magic regeneration
Wands
 g - a wand of digging (3)
Scrolls
 c - a scroll of fog
 d - 2 scrolls of revelation
 f - 2 scrolls of blinking
 h - 3 scrolls of immolation
 m - a scroll of identify {unknown}
 p - a scroll of poison
 u - a scroll of vulnerability {unknown}
Potions
 o - 2 potions of degeneration


   Skills:
 - Level 3.1 Fighting
 + Level 6.4 Long Blades
 - Level 2.8 Dodging
 - Level 7.7 Stealth


You had 5 spell levels left.
You didn't know any spells.
Your spell library was empty.

Dungeon Overview and Level Annotations

Branches:
Dungeon (5/15)
 Temple: D:4-7

Altars:

Shops:
D:1 (

Annotations:
D:4 Pikel


Innate Abilities, Weirdness & Mutations

Your natural rate of healing is accelerated.
You have razor-sharp teeth.
You have supernaturally acute eyesight. (SInv)
You are afflicted with vampirism and can become a bat while bloodless.
You have sharp toenails.
Your mind is acute. (Int +4, Str/Dex -1)
Your flesh is cold resistant. (rC+)
Your spells are a little easier to cast, but a little less powerful.


Message History

a - a +0 falchion of chaos (weapon)
Pikel hits you with a +1 whip of freezing.
Damage: -4%(-2hp) hp: 52%(24hp)
As you read the scroll labelled WYRHUIPPUEN, it crumbles to dust.
A profound silence engulfs you.
It was a scroll of silence.
Pikel hits you with a +1 whip of freezing!
* * * LOW HITPOINT WARNING * * *
Huge Dmg: -13%(-6hp) hp: 39%(18hp)
There is a stone staircase leading down here.
Pikel attacks as you move away! Pikel closely misses you.
Magic scrolls do not work when you're silenced!
Pikel attacks as you move away!
Pikel hits you with a +1 whip of freezing.
* * * LOW HITPOINT WARNING * * *
Pikel freezes you.
* * * LOW HITPOINT WARNING * * *
Huge Dmg: -13%(-6hp) hp: 28%(13hp)
You feel better. Pikel closely misses you.
Unknown command.
The lemure attacks as you move away! The lemure hits you.
Damage: -4%(-2hp) hp: 43%(20hp)
The lemure attacks as you move away! The lemure hits you.
* * * LOW HITPOINT WARNING * * *
Huge Dmg: -11%(-5hp) hp: 32%(15hp) Pikel attacks as you move away!
Pikel hits you with a +1 whip of freezing.
* * * LOW HITPOINT WARNING * * *
Huge Dmg: -9%(-4hp) hp: 26%(12hp) Pikel attacks as you move away!
Pikel hits you with a +1 whip of freezing!
* * * LOW HITPOINT WARNING * * *
Pikel freezes you.
* * * LOW HITPOINT WARNING * * *
Huge Dmg: -19%(-9hp) hp: 7%(3hp)
Okay, then.
Okay, then.
You closely miss Pikel.
Pikel is heavily wounded.
Pikel hits you with a +1 whip of freezing.
You die...

#........# #.# #.# #.
#.....#..# #.# #.# ##
#.....##.###########.#
#.#
#.....##.............#
#.#
#.....####..##########
#.# ####### ##.### #.#
## ### #...# #.# .#
#<# #...# #.# .## #.#
#.@.# #.# ..###K######
#.K.# ###.#
..#........# #.55##
##...# ..#........#
#...5#######..#####
...........#
#.................#
..#........#
#...#...>......##.#
.##..5.....###
#####..)...#....#.#
..#.....K....#
######.#...##.#
#.#........#.#
#55....#....#


You could see Pikel and 3 lemures.

Vanquished Creatures
  Sigmund (D:2)
  A lemure (D:3)
  3 hounds
  An orc wizard (D:2)
  Robin (D:2)
  3 adders
  4 worms
  A dart slug (D:1)
  6 orcs
  3 bats
  9 endoplasms
  A giant cockroach (D:1)
  12 goblins
  5 hobgoblins
  5 jackals (D:1)
  A kobold (D:4)
  6 quokkas
  3 ball pythons
  3 frilled lizards
  5 rats
74 creatures vanquished.

Notes
Turn   | Place    | Note
-------+----------+-------------------------------------------
     0 | D:5      | RepHenryClay the Vampire Delver began the quest for the
                  | Orb.
     0 | D:5      | Reached XP level 1. HP: 17/17 MP: 1/1
    18 | D:5      | Noticed a hound
    31 | D:5      | Killed a hound
    32 | D:5      | Reached XP level 2. HP: 8/24 MP: 2/2
    32 | D:5      | Gained mutation: You are afflicted with vampirism and can
                  | become a bat while bloodless. [Vampire growth]
    32 | D:5      | Reached XP level 3. HP: 10/29 MP: 3/3
   130 | D:5      | Noticed a black bear
   785 | D:1      | Reached XP level 4. HP: 34/35 MP: 4/4
   933 | D:1      | Found a faded altar of an unknown god.
   971 | D:1      | Found Diajiurre's Weapon Emporium.
  1098 | D:2      | Noticed Sigmund
  1194 | D:2      | Gained mutation: Your flesh is cold resistant. (rC+)
                  | [potion of mutation]
  1194 | D:2      | Gained mutation: You have sharp toenails. [potion of
                  | mutation]
  1194 | D:2      | Gained mutation: Your spells are a little easier to cast,
                  | but a little less powerful. [potion of mutation]
  1194 | D:2      | Gained mutation: Your mind is acute. (Int +4, Str/Dex -1)
                  | [potion of mutation]
  1204 | D:2      | Killed Sigmund
  1205 | D:2      | Reached skill level 5 in Long Blades
  1205 | D:2      | Reached XP level 5. HP: 41/41 MP: 5/5
  1456 | D:2      | Reached XP level 6. HP: 44/47 MP: 6/6
  2016 | D:2      | Noticed Robin
  2296 | D:2      | Killed Robin
  2669 | D:3      | Identified the +8 whip "Pilletry" {pain, rC+ Str+3 Int-3
                  | Dex+3}
  2788 | D:4      | Noticed Pikel
  3323 | D:4      | HP: 2/47 [Pikel/+1 whip of freezing (1)]
  3324 | D:4      | Slain by Pikel

Illustrated notes

Levels and vault maps discovered:
D:1:      nzn_arrival_depleted_hourglass, layout_basic, serial_shops,
          shop_statue, shapermc_ecumenical_altar_pompeii
D:2:      layout_basic, minmay_circle_x, uniq_robin, uniq_sigmund
D:3:      layout_loops_ring
D:4:      layout_basic, chequers_temple_overflow_minitemple, st_stairs_5,
          minmay_misc_feat_x, uniq_pikel
D:5:      layout_loops_ring, minmay_lizard_king, uniq_ijyb

Skill      XL: |  1  2  3  4  5  6 |
---------------+-------------------+-----
Fighting       | 3 |  3.1
Long Blades    | 3 5 6 |  6.4
Dodging        | |  2.8
Stealth        | |  7.7

Action                     |  1- 3 |  4- 6 || total
---------------------------+-------+-------++-------
  Melee: Falchion          |    67 |   175 ||   242
         Bite              |     9 |    19 ||    28
         Kick              |       |    11 ||    11
         Punch             |       |     1 ||     1
    Use: Potion            |     1 |     8 ||     9
         Scroll            |       |     8 ||     8
   Stab: Sleeping          |     4 |    11 ||    15
         Invisible         |       |     4 ||     4
         Distracted        |       |     1 ||     1
 Armour: Leather armour    |    20 |    35 ||    55
  Dodge: Dodged            |    64 |    84 ||   148

Table legend: (Time is in decaauts)
 A = Elapsed time spent in this place.
 B = Non-inter-level travel time spent in this place.
 C = Inter-level travel time spent in this place.
 D = Time resting spent in this place.
 E = Time spent auto-exploring this place.
 F = Levels seen in this place.
 G = Mean time per level.
                   A        B        C        D        E       F      G
               +--------+--------+--------+--------+--------+-----+--------+
         Total |   3323 |   3206 |    117 |    249 |   2142 |   5 |  664.6 |
       Dungeon |   3323 |   3206 |    117 |    249 |   2142 |   5 |  664.6 |
               +--------+--------+--------+--------+--------+-----+--------+

Top non-repeatable levels by time:
     D:2: 1313 daAuts
     D:4: 626 daAuts
     D:1: 607 daAuts
     D:3: 600 daAuts
     D:5: 175 daAuts
